 Dungeon Crawl Stone Soup version 0.16.2-12-gd0ad4c3 (webtiles) character file.

1925 dearth the Basher (level 8, -4/71 HPs)
             Began as a Minotaur Fighter on Sept 10, 2015.
             Was a Believer of Okawaru.
             Slain by a yak (10 damage)
             ... on level 7 of the Dungeon.
             The game lasted 00:16:19 (5428 turns).

dearth the Basher (Minotaur Fighter)                Turns: 5428, Time: 00:16:19

Health: -4/71      AC:  7    Str: 26    XL:     8   Next: 96%
Magic:  9/10       EV:  8    Int:  5    God:    Okawaru [**....]
Gold:   108        SH: 12    Dex: 10    Spells: 0 memorised, 7 levels left

rFire  . . .     SeeInvis +     a - +0 flail
rCold  . . .     Clarity  .     b - +0 scale mail
rNeg   . . .     SustAb   .     c - +1 shield
rPois  .         Gourm    .     (helmet restricted)
rElec  .         Spirit   .     (no cloak)
rCorr  .         Warding  .     (no gloves)
rMut   .         Stasis   .     (no boots)
MR     .....                    (no amulet)
Stlth  ..........               (no ring)
                                v - ring of see invisible

@: mighty, not resistant to hostile enchantments, extremely unstealthy
A: retaliatory headbutt, horns 2, spit poison 2, weak 1
a: Spit Poison, Heroism, Renounce Religion


You were on level 7 of the Dungeon.
You worshipped Okawaru.
Okawaru was pleased with you.
You were hungry.

You visited 2 branches of the dungeon, and saw 8 of its levels.

You collected 322 gold pieces.
You spent 214 gold pieces at shops.

Inventory:

Hand weapons
 a - a +0 flail (weapon)
Armour
 b - a +0 scale mail (worn)
 c - a +1 shield (worn)
Jewellery
 v - a ring of see invisible (left hand)
Magical devices
 t - a wand of magic darts (31)
 u - a wand of cold (6)
Scrolls
 j - 13 scrolls of identify
 k - 2 scrolls of recharging
 l - a scroll of fog {unknown}
 m - 4 scrolls of teleportation
 n - 5 scrolls of remove curse
 y - a scroll of blinking
Potions
 f - 2 potions of heal wounds
 h - 2 potions of brilliance
 i - 6 potions of curing
Comestibles
 d - 4 bread rations
 g - 4 meat rations
 A - a slice of pizza
 G - a beef jerky


   Skills:
 + Level 6.6 Fighting
 * Level 8.1 Maces & Flails
 + Level 6.5 Armour
 + Level 6.6 Shields
 * Level 5.3 Evocations


You had 7 spell levels left.
You didn't know any spells.

Dungeon Overview and Level Annotations

Branches:
Dungeon (7/15)             Temple (1/1) D:4

Altars:
Ashenzari
Cheibriados
Dithmenos
Elyvilon
Gozag
Kikubaaqudgha
Makhleb
Nemelex Xobeh
Okawaru
Qazlal
Ru
Trog
Vehumet
Xom
Yredelemnul
Zin
The Shining One

Shops:
D:4 ?


Innate Abilities, Weirdness & Mutations

You reflexively headbutt those who attack you in melee.
You have a pair of horns on your head.
You can spit moderately strong poison.
You are weak. (Str -2)


Message History

Okawaru accepts your kill.
The yak gores you but does no damage. x2
You block the yak's attack.
You see here a yak corpse.
The yak barely misses you. The yak gores you!
* * * LOW HITPOINT WARNING * * *
You completely miss the yak. The yak completely misses you.
You block the yak's attack. The yak gores you!
* * * LOW HITPOINT WARNING * * *
You sock the yak! You headbutt the yak!
The yak is heavily wounded.
You block the yak's attack. The yak barely misses you. You furiously retaliate!
You headbutt the yak! You sock the yak! You headbutt the yak!
You kill the yak!
Okawaru is honoured by your kill.
Your Maces & Flails skill increases to level 8!
The yak closely misses you. You furiously retaliate!
You headbutt the yak. The yak gores you!
You die...

#..........####.
#...............#
#.....$!...#....
#............###
#..............##
#.....?.........#
##..........#......
#...........# .YY.
####.#@######### .
#....YY.# #.......#
#.......# #.......#
#########


You could see 2 yaks.

Vanquished Creatures
  Grinder (D:4)
  4 yaks (D:7)
  A water moccasin (D:5)
  An orc warrior (D:6)
  A phantom (D:4)
  An ogre (D:5)
  A centaur (D:6)
  The ghost of dscm the Digger, an average OpEE (D:4)
  A giant frog (D:7)
  A scorpion (D:4)
  2 crimson imps
  A hound (D:6)
  2 orc priests
  3 orc wizards
  Natasha (thrice) (D:5)
  5 worker ants
  A hound skeleton (D:5)
  4 adders
  A giant mite (D:2)
  2 worms
  An adder skeleton (D:4)
  5 giant geckos
  2 oozes (D:3)
  10 orcs
  3 bats
  8 giant cockroaches
  6 hobgoblins
  2 quokkas
  A giant gecko skeleton (D:5)
  5 giant newts
  7 goblins
  9 jackals
  17 kobolds
  A quokka skeleton (D:4)
  13 rats
127 creatures vanquished.

Notes
Turn   | Place    | Note
--------------------------------------------------------------
     0 | D:1      | dearth, the Minotaur Fighter, began the quest for the Orb.
     0 | D:1      | Reached XP level 1. HP: 19/19 MP: 1/1
   347 | D:1      | Reached XP level 2. HP: 24/27 MP: 1/1
   823 | D:2      | Reached XP level 3. HP: 30/33 MP: 2/2
   893 | D:2      | Reached skill level 4 in Armour
  1490 | D:3      | Reached XP level 4. HP: 29/40 MP: 2/2
  1631 | D:3      | Found a shadowy altar of Dithmenos.
  2286 | D:4      | Reached skill level 1 in Evocations
  2286 | D:4      | Reached XP level 5. HP: 43/46 MP: 2/2
  2382 | D:4      | Noticed dscm's ghost (average OpEE)
  2390 | D:4      | Killed dscm's ghost
  2394 | D:4      | Found a staircase to the Ecumenical Temple.
  2405 | Temple   | Entered the Ecumenical Temple
  2442 | Temple   | Became a worshipper of Warmaster Okawaru
  2515 | D:4      | Noticed a phantom
  2556 | D:4      | Killed a phantom
  2556 | D:4      | Reached skill level 5 in Maces & Flails
  2556 | D:4      | Reached XP level 6. HP: 15/53 MP: 5/5
  2858 | D:4      | Found an ancient bone altar of Kikubaaqudgha.
  2945 | D:4      | Reached skill level 5 in Armour
  3407 | D:4      | Found Semar's Magic Scroll Emporium.
  3407 | D:4      | Noticed Grinder
  3423 | D:4      | Killed Grinder
  3423 | D:4      | Reached skill level 5 in Fighting
  3423 | D:4      | Reached skill level 5 in Shields
  3423 | D:4      | Reached XP level 7. HP: 32/61 MP: 5/6
  3431 | D:4      | Bought a scroll of recharging for 123 gold pieces
  3431 | D:4      | Bought 2 scrolls of identify for 52 gold pieces
  3431 | D:4      | Bought a scroll of remove curse for 39 gold pieces
  3605 | D:5      | Entered Level 5 of the Dungeon
  3642 | D:5      | Found a shimmering altar of Xom.
  3643 | D:5      | Found a snail-covered altar of Cheibriados.
  3647 | D:5      | Found a white marble altar of Elyvilon.
  3718 | D:5      | Reached skill level 6 in Maces & Flails
  3737 | D:5      | Acquired Okawaru's first power
  3740 | D:5      | HP: 3/61 [orc wizard/magic dart (7)]
  4223 | D:5      | Noticed Natasha
  4229 | D:5      | Killed Natasha
  4304 | D:5      | Noticed Natasha
  4315 | D:5      | Killed Natasha
  4462 | D:5      | Noticed Natasha
  4464 | D:5      | Killed Natasha
  4680 | D:5      | Reached XP level 8. HP: 67/70 MP: 8/8
  4851 | D:6      | Found a sacrificial altar of Ru.
  4874 | D:6      | Reached skill level 7 in Maces & Flails
  5145 | D:6      | Gained mutation: You are weak. (Str -2) [potion of mutation]
  5145 | D:6      | Gained mutation: You can spit poison. [potion of mutation]
  5145 | D:6      | Gained mutation: You can spit moderately strong poison. [potion of mutation]
  5420 | D:7      | Reached skill level 5 in Evocations
  5428 | D:7      | Reached skill level 8 in Maces & Flails
  5428 | D:7      | Slain by a yak

Action                   |  1- 3 |  4- 6 |  7- 9 || total
-------------------------+-------+-------+-------++-------
Melee: Flail             |    88 |   129 |   171 ||   388
  Use: Scroll            |       |       |    12 ||    12
       Potion            |       |       |    10 ||    10
  Eat: Chunk             |     2 |     1 |     2 ||     5
       Fruit             |       |     7 |     4 ||    11
